 Dungeon Crawl Stone Soup version 0.30-a0-802-gb92711bcdf (webtiles) character file.

Game seed: 16243375118939672239

261 Jeffwins the Grasshopper (level 6, 0/43 HPs)
             Began as a Human Wanderer on Feb 24, 2023.
             Slain by a gnoll
             ... wielding a +0 flail
              (10 damage)
             ... on level 4 of the Dungeon.
             The game lasted 00:06:18 (3014 turns).

Jeffwins the Grasshopper (Human Wanderer)           Turns: 3014, Time: 00:06:19

Health: 0/43       AC:  3    Str:  9    XL:     6   Next: 42%
Magic:  4/9        EV: 15    Int: 17    God:
Gold:   97         SH:  0    Dex: 13    Spells: 7/9 levels left

rFire   . . .      SeeInvis .    a - +0 falchion
rCold   . . .      Faith    .    (no shield)
rNeg    . . .      Spirit   .    p - +0 leather armour
rPois   .          Reflect  .    (no helmet)
rElec   .          Harm     .    (no cloak)
rCorr   .          Rampage  .    (no gloves)
Will    .....                    (no boots)
Stlth   +                        d - amulet of magic regeneration
HPRegen 0.27/turn                E - +5 ring of evasion
MPRegen 0.51/turn                (no ring)

@: lethally poisoned (0 -> -14), very slightly contaminated
A: no striking features
a: no special abilities


You were on level 4 of the Dungeon.
You visited 1 branch of the dungeon, and saw 4 of its levels.

You collected 97 gold pieces.


   Skills:
 - Level 1.0 Fighting
 - Level 4.0 Long Blades
 + Level 2.0 Throwing
 - Level 1.0 Armour
 * Level 2.2 Spellcasting
 * Level 1.8 Conjurations
 - Level 4.0 Translocations
 * Level 1.7 Fire Magic
 - Level 2.0 Evocations


You had 7 spell levels left.
You knew the following spells:

 Your Spells              Type           Power      Damage    Failure   Level
a - Apportation           Tloc           30%        N/A       4%          1
z - Foxfire               Conj/Fire      32%        2x1d5     12%         1

Your spell library contained the following spells:

 Spells                   Type           Power      Damage    Failure   Level
 Momentum Strike          Conj/Tloc      22%        3d8       12%         2
 Iskenderun's Mystic Bla  Conj/Tloc      11%        2d4       61%         4
 Fireball                 Conj/Fire      4%         3d4       98%         5
 Alistair's Intoxication  Tmut/Pois      0%         N/A       100%        5
 Starburst                Conj/Fire      4%         6d3       100%        6

Inventory:

Hand Weapons
 a - a +0 falchion (weapon)
Missiles
 g - 6 poisoned darts (quivered)
Armour
 b - a +0 ring mail
 p - a +0 leather armour (worn)
Jewellery
 d - an amulet of magic regeneration (around neck)
 E - a +5 ring of evasion (left hand)
Scrolls
 e - a scroll of amnesia {unknown}
 f - a scroll of acquirement {unknown}
 h - a scroll of silence {unknown}
 i - a scroll of fear {unknown}
 j - 4 scrolls of identify {unknown}
 l - a scroll of enchant weapon {unknown}
 m - 3 scrolls of noise {unknown}
 n - a scroll of vulnerability {unknown}
Potions
 c - 3 potions of attraction {!q}
 k - a potion of curing {unknown}
 o - a potion of lignification {unknown}
 q - a potion of haste {unknown}

Dungeon Overview and Level Annotations

Branches:
Dungeon (4/15)
 Temple: D:4-7

Altars:
Elyvilon
Hepliaklqana
Makhleb
Sif Muna
Zin
The Shining One

Shops:
D:3

: .#### .#..# ...#.
##....###### ....>###
#...........
......#####...........
#.......<...........
#...................
#...................
..#####........§>.......
........###.##..@s......
..#####..##.##.go.......
#...................
#.###'###.........$.
.....#...$.#.#######.##
.....#$.$..#.# .#
......#$$⚑..#.# .
......#.$...#.#
......#.....#g..


You could see a scorpion, a gnoll and an orc.


Message History

The foxfire hits the gnoll.
The gnoll is moderately wounded.
The scorpion barely misses you. The orc barely misses you.
The gnoll closely misses you.
Unknown command.
Casting: Foxfire (safe; 12% risk of failure)
Confirm with . or Enter, or press ? or * to list all spells.
You conjure some foxfire!
You feel very sick.
The foxfire hits the orc.
The orc is moderately wounded.
The foxfire hits the scorpion.
The scorpion is heavily wounded.
The scorpion completely misses you. The gnoll hits you with a +0 flail.
The orc hits you with a +0 mace of holy wrath!
* * * LOW HITPOINT WARNING * * *
Unknown command.
Casting: Foxfire (safe; 12% risk of failure)
Confirm with . or Enter, or press ? or * to list all spells.
You miscast Foxfire.
Nothing appears to happen.
You feel sick.
The foxfire hits the scorpion.
The scorpion is severely wounded.
The foxfire hits the orc.
The orc is moderately wounded.
The scorpion stings you.
* * * LOW HITPOINT WARNING * * *
You are lethally poisoned!
The scorpion poisons you! The orc closely misses you.
The gnoll hits you with a +0 flail!
You die...

Skill      XL: |  1  2  3  4  5  6 |
---------------+-------------------+-----
Long Blades    | 2 3 4 |  4.0
Throwing       | 1 2 |  2.0
Conjurations   | 1 |  1.8
Fire Magic     | 1 |  1.7
Spellcasting   | 2 |  2.2
Fighting       | |  1.0
Armour         | |  1.0
Translocations | |  4.0
Evocations     | |  2.0

Action                     |  1- 3 |  4- 6 || total
---------------------------+-------+-------++-------
  Melee: Falchion          |    91 |   104 ||   195
         Punch             |     2 |       ||     2
  Throw: Dart              |     4 |       ||     4
   Cast: Foxfire           |       |    51 ||    51
    Use: Potion            |     1 |       ||     1
 Armour: Ring mail         |    30 |    28 ||    58
         Leather armour    |       |     2 ||     2
  Dodge: Dodged            |    55 |    88 ||   143

Levels and vault maps discovered:
D:1:      minmay_arrival_solitary_statue, layout_loops_corners, st_stairs_14
D:2:      layout_basic, basic_ecumenical_altar
D:3:      layout_basic, good_gods_mini_temple,
          mainiacjoe_overflow_six_doors_small, mainiacjoe_overflow_catwalk,
          serial_shops, nicolae_shop_hallway_plus
D:4:      layout_rooms, amcnicky_altar_gilded, grunt_dithmenos_smoke,
          gammafunk_ghost_cemetery

Notes
Turn   | Place    | Note
-------+----------+-------------------------------------------
     0 | D:1      | Jeffwins the Human Wanderer began the quest for the Orb.
     0 | D:1      | Jeffwins set off with the following items: a +0 falchion, a
                  | +0 ring mail, a potion of attraction {!q}; and the
                  | following spell memorised: Apportation; and the following
                  | spells available to memorise: Momentum Strike, Iskenderun's
                  | Mystic Blast.
     0 | D:1      | Reached XP level 1. HP: 15/15 MP: 2/2
   145 | D:1      | Reached skill level 2 in Long Blades
   145 | D:1      | Reached XP level 2. HP: 20/21 MP: 3/3
   565 | D:1      | Reached XP level 3. HP: 26/26 MP: 4/4
  1210 | D:2      | You fall into a shaft and drop 1 floor!
  1240 | D:3      | Reached skill level 3 in Long Blades
  1240 | D:3      | Found a hazy altar of Hepliaklqana.
  1266 | D:3      | Reached XP level 4. HP: 22/32 MP: 5/5
  1267 | D:3      | Reached skill level 1 in Throwing
  1522 | D:3      | Found a shimmering blue altar of Sif Muna.
  1629 | D:3      | Learned a level 1 spell: Foxfire
  1722 | D:3      | Noticed a necrophage
  1724 | D:3      | Found Puackag's Book Boutique.
  1747 | D:3      | Killed a necrophage
  1748 | D:3      | Reached skill level 4 in Long Blades
  1748 | D:3      | Reached XP level 5. HP: 30/37 MP: 5/7
  1873 | D:2      | Reached skill level 1 in Conjurations
  1873 | D:2      | Reached skill level 1 in Fire Magic
  2087 | D:2      | Reached XP level 6. HP: 38/43 MP: 8/8
  2334 | D:2      | Found a faded altar of an unknown god.
  2630 | D:3      | Found a glowing golden altar of the Shining One.
  2630 | D:3      | Found a white marble altar of Elyvilon.
  2630 | D:3      | Found a glowing silver altar of Zin.
  2956 | D:4      | Reached skill level 2 in Throwing
  2956 | D:4      | Reached skill level 2 in Spellcasting
  2988 | D:4      | Found a burning altar of Makhleb.
  3014 | D:4      | Slain by a gnoll

Vanquished Creatures
  2 necrophages
  4 gnolls (D:3)
  4 adders
  2 worms (D:3)
  2 dart slugs
  5 endoplasms (D:1)
  4 giant cockroaches
  7 goblins
  4 hobgoblins
  A quokka (D:3)
  9 ball pythons
  6 bats
  2 kobolds
  6 rats
58 creatures vanquished.

Vanquished Creatures (others)
  85 foxfires
85 creatures vanquished.

Grand Total: 143 creatures vanquished

Table legend: (Time is in decaauts)
 A = Elapsed time spent in this place.
 B = Non-inter-level travel time spent in this place.
 C = Inter-level travel time spent in this place.
 D = Time resting spent in this place.
 E = Time spent auto-exploring this place.
 F = Levels seen in this place.
 G = Mean time per level.
                   A        B        C        D        E       F      G
               +--------+--------+--------+--------+--------+-----+--------+
         Total |   3040 |   2834 |    206 |     74 |   2200 |   4 |  760.0 |
       Dungeon |   3040 |   2834 |    206 |     74 |   2200 |   4 |  760.0 |
               +--------+--------+--------+--------+--------+-----+--------+

Top non-repeatable levels by time:
     D:1: 1223 daAuts
     D:3: 1220 daAuts
     D:2: 524 daAuts
     D:4: 72 daAuts

Table legend:
 A = Non-vault XP
 B = Vault XP
 C = Vault XP percentage of total XP
 D = Non-vault monster count
 E = Vault monster count
 F = Vault count percentage of total count
                 A         B        C        D         E       F
            +---------+---------+-------+---------+---------+-------
      Total |     373 |       1 |   0.3 |      57 |       1 |   1.7
            +---------+---------+-------+---------+---------+-------
        D:1 |      36 |       1 |   2.7 |      19 |       1 |   5.0
        D:2 |      57 |       0 |   0.0 |      13 |       0 |   0.0
        D:3 |     188 |       0 |   0.0 |      24 |       0 |   0.0
        D:4 |      92 |       0 |   0.0 |       1 |       0 |   0.0
            +---------+---------+-------+---------+---------+-------
